 Dungeon Crawl Stone Soup version 0.31-a0-925-g0a390f2509 (webtiles) character file.

Game seed: 4585388776815105160

118939 croobank the Spry (level 16, -6/80 HPs)
             Began as a Felid Summoner on Oct 17, 2023.
             Was an Initiate of Gozag.
             Killed from afar by an air elemental (11 damage)
             ... with a stunning burst
             ... on level 2 of the Elven Halls on Oct 18, 2023.
             The game lasted 03:38:39 (44481 turns).

croobank the Spry (Felid Summoner)                 Turns: 44481, Time: 03:38:39

Health: -6/80      AC:  3    Str:  4    XL:     16   Next: 26%
Magic:  22/33      EV: 31    Int: 24    God:    Gozag
Gold:   661        SH:  0    Dex: 17    Spells: 6/39 levels left
                                        Lives:  0   Deaths: 6

rFire   + . .        (weapon unavailable)
rCold   + . .        (shield unavailable)
rNeg    . . .        (body armour unavailable)
rPois   .            (helmet unavailable)
rElec   +            (cloak unavailable)
rCorr   .            (gloves unavailable)
SInv    +            (boots unavailable)
Will    ++...        e - amulet "Nocicix" {Acrobat rElec}
Stlth   ++++         F - ring of wizardry
HPRegen 0.33/turn    o - ring of protection from fire
MPRegen 0.23/turn

%: acrobat, wizardry (x1)
@: gold aura, very slightly contaminated, slowed, invisible, slow
A: very small, claws 1, fangs 3, see invisible, speed 1, shaggy fur 3, stealthy
paws, no weapons or thrown items, no armour, multi-lived
a: Renounce Religion, Potion Petition, Call Merchant, Bribe Branch


You were on level 2 of the Elven Halls.
You worshipped Gozag.
Gozag was pleased with you.
You visited 7 branches of the dungeon, and saw 27 of its levels.

You collected 8057 gold pieces.
You spent 5982 gold pieces at shops.
You paid 1414 gold pieces to Gozag.

Inventory:

Jewellery
 e - the amulet "Nocicix" (around neck) {Acrobat rElec}
   (You acquired it on level 1 of the Shoals)

   [amulet of the acrobat]

   Acrobat:   It increases your evasion while moving and waiting.
   rElec:     It insulates you from electricity.
 l - an amulet of magic regeneration
 n - the macabre finger necklace {Finger+ rN+}
   (You bought it in a shop on level 1 of the Lair of Beasts)

   [amulet of nothing]

   Finger+:   It enables you to equip an extra ring.
   rN+:       It protects you from negative energy.
 o - a ring of protection from fire (right paw)
 r - a +4 ring of protection
 s - a ring of ice
 D - a ring of ice
 E - the amulet of the Four Winds {rN+ Will+++ Clar}
   (You bought it in a shop on level 1 of the Lair of Beasts)

   [amulet of nothing]

   rN+:       It protects you from negative energy.
   Will+++:   It greatly increases your willpower.
   Clar:      It protects you from confusion, rage, mesmerisation and fear.
 F - a ring of wizardry (left paw)
 G - an amulet of regeneration
 H - a +5 ring of evasion
 I - a ring of protection from cold
 K - a +6 ring of strength
 N - a +4 ring of slaying
Wands
 a - a wand of paralysis (3)
 d - a wand of polymorph (41)
 g - a wand of flame (28)
 q - a wand of digging (9)
 L - a wand of mindburst (7)
Scrolls
 f - 5 scrolls of amnesia
 j - 7 scrolls of teleportation
 k - 3 scrolls of vulnerability
 v - a scroll of poison
 x - a scroll of fear
 z - 3 scrolls of fog
 C - 3 scrolls of identify
Potions
 b - a potion of cancellation
 c - a potion of mutation
 i - 3 potions of resistance
 m - 7 potions of brilliance
 p - 3 potions of might
 t - 4 potions of attraction
 u - 2 potions of enlightenment
 w - 5 potions of heal wounds
 A - 2 potions of invisibility
 B - a potion of berserk rage
 J - a potion of lignification
Miscellaneous
 M - a phial of floods (inert)


   Skills:
 + Level 14.7 Fighting
 + Level 18.3 Dodging
 - Level 8.1 Stealth
 - Level 12.0 Spellcasting
 - Level 6.0 Conjurations
 - Level 5.0 Hexes
 + Level 11.6 Summonings
 - Level 5.8 Translocations
 * Level 3.4 Transmutations
 - Level 6.0 Ice Magic
 - Level 7.0 Air Magic


You had 6 spell levels left.
You knew the following spells:

 Your Spells              Type           Power      Damage    Failure   Level
a - Summon Small Mammal   Summ           100%       N/A       1%          1
b - Call Imp              Summ           100%       N/A       1%          2
c - Call Canine Familiar  Summ           63%        N/A       1%          3
d - Summon Guardian Gole  Hex/Summ       53%        N/A       1%          3
e - Summon Lightning Spi  Summ/Air       56%        N/A       1%          4
f - Inner Flame           Hex/Fire       26%        N/A       1%          3
g - Freezing Cloud        Conj/Ice/Air   22%        6-21      3%          5
h - Yara's Violent Unrav  Hex/Tmut       17%        3d8       9%          5
i - Iskenderun's Mystic   Conj/Tloc      42%        2d10      1%          4
j - Stone Arrow           Conj/Erth      56%        3d10      1%          3

Your spell library contained the following spells:

 Spells                   Type           Power      Damage    Failure   Level
 Kiss of Death            Conj/Necr      100%       2d13      1%          1
 Sandblast                Erth           28%        2d8       1%          1
 Cigotuvi's Dreadful Rot  Necr/Pois/Air  50%        N/A       1%          2
 Lesser Beckoning         Tloc           84%        N/A       1%          2
 Passwall                 Tmut/Erth      18%        N/A       1%          2
 Confusing Touch          Hex            38%        N/A       1%          3
 Gell's Gravitas          Tloc           42%        N/A       1%          3
 Teleport Other           Tloc           42%        N/A       1%          3
 Tukima's Dance           Hex            38%        N/A       1%          3
 Cause Fear               Hex            19%        N/A       2%          4
 Ignite Poison            Fire/Tmut/Pois 19%        N/A       3%          3
 Brom's Barrelling Bould  Conj/Erth      28%        2d5       4%          4
 Fireball                 Conj/Fire      14%        3d8       14%         5
 Dispel Undead            Necr           14%        3d10      16%         4
 Death Channel            Necr           7%         N/A       92%         6
 Enfeeble                 Hex            19%        N/A       86%         7
 Dragon's Call            Summ           31%        N/A       100%        9
 Dimensional Bullseye     Hex/Tloc       Unusable   N/A       N/A         4

Dungeon Overview and Level Annotations

Branches:
Dungeon (15/15)            Temple (1/1) D:4            Lair (5/5) D:9
 Shoals (1/4) Lair:2       Spider (1/4) Lair:3        Slime (0/5) Lair:4
    Orc (2/2) D:12            Elf (2/3) Orc:2        Vaults (0/5) D:14
 Depths (0/4) D:15

Altars:
Ashenzari
Cheibriados
Dithmenos
Elyvilon
Fedhas
Gozag
Hepliaklqana
Kikubaaqudgha
Makhleb
Nemelex Xobeh
Okawaru
Qazlal
Ru
Sif Muna
Trog
Uskayaw
Vehumet
Wu Jian
Xom
Yredelemnul
Zin
The Shining One

Shops:
D:14 *   Orc:2 **?:(   Lair:1 =   Lair:3 *

Portals:
Hell: Lair:5

Annotations:
D:12 exclusion: downstairs
D:14 3 runed translucent doors, Biekhle's ghost, journeyman DrVM; Roxanne
Shoals:1 Nikola


Innate Abilities, Weirdness & Mutations

You have sharp claws.
You have razor-sharp teeth.
You have supernaturally acute eyesight. (SInv)
You cover ground quickly. (Speed+)
Your thick and shaggy fur keeps you warm. (AC +3, rC+)
Your paws help you pounce on unaware monsters.
You are incapable of wielding weapons or throwing items.
You cannot wear armour.
You gain extra lives every three experience levels.


Message History

Your guardian golem is engulfed in blazing flames.
Flame seeps out of your guardian golem.
The deep elf knight mumbles some strange words.
The deep elf knight flickers and vanishes for a moment.
The +0 scimitar of holy wrath moves out of view.
You fade into invisibility!
Your lightning spire burns!
The air elemental completely misses you. x3
The air elemental hits you but does no damage.
The +2 halberd of freezing closely misses you.
The air elemental misses you. The air elemental barely misses you.
Your guardian golem is engulfed in blazing flames.
Flame seeps out of your guardian golem.
The deep elf knight gestures at you while chanting.
The shard of ice misses you.
The +2 halberd of freezing completely misses you.
The deep elf pyromancer casts a spell.
The deep elf pyromancer blinks!
The earth elemental is distracted by your dazzling golden aura.
The air elemental misses you. The air elemental closely misses you.
Your guardian golem is engulfed in blazing flames.
Flame seeps out of your guardian golem.
Blink to where?
Press: ? - help, Dir - move target, p - deep elf knight
As you read the scroll of blinking, it crumbles to dust.
Your lightning spire stops burning.
The earth elemental is no longer distracted by gold.
The air elemental completely misses your guardian golem.
The air elemental fires a burst of electricity at you.
The stunning burst hits your lightning spire.
Your lightning spire completely resists.
The stunning burst hits you! You resist.
* * * LOW HITPOINT WARNING * * *
The air elemental hits your guardian golem but does no damage.
The air elemental fires a burst of electricity at you.
The stunning burst hits your lightning spire.
Your lightning spire completely resists.
The stunning burst hits you! You resist.
You shrug off the repeated paralysis!
You die...
Your body crumbles into a pile of gold.

..# #..........
... .............
#e.
######........
... ####$#....
.##, ##.#.###..
.##.#####...# #.#
.....E...)..##.#
##..#####<$.#.#
#.# ##@#.# #§#
##E...## #.#
#..8°..# #)#
#..>...##. #.#
##.........
##.###.9.E....##
.
###.$..(#E.....##
#.
#..$.....e§....#
#.
#........#.....#


You could see a deep elf knight (fast, invisible, unable to see you), an earth
elemental (unaware, unable to see you), 2 air elementals, a +2 halberd of
freezing (unable to see you), a friendly guardian golem (summoned, inner flame)
and a friendly lightning spire (summoned, sheltered).

Vanquished Creatures
  Louise (D:14)
  A merfolk impaler (Shoals:1)
  A hydra (Lair:5)
  A rakshasa (D:15)
  Fannar (Lair:2)
  4 centaur warriors
  A catoblepas (D:15)
  A boulder beetle (D:14)
  A dancing weapon (Orc:2)
  A two-headed ogre (D:13)
  2 orc high priests
  2 deep elf knights (Elf:1)
  A skyshark (Shoals:1)
  A pharaoh ant (Lair:3)
  2 deep elf archers
  2 harpies (Shoals:1)
  6 deep elf zephyrmancers
  A necromancer (D:13)
  8 ugly things
  A wolf spider zombie (D:15)
  3 orc sorcerers
  3 wolf spiders
  A manticore (Shoals:1)
  A moth of wrath (Lair:3)
  A merfolk siren (Shoals:1)
  A centaur zombie (D:14)
  A centaur skeleton (D:15)
  An orange demon (Lair:5)
  An ice devil (Lair:5)
  2 trolls
  A wind drake (Shoals:1)
  5 tarantellas
  3 blink frogs
  A polar bear (D:13)
  2 jumping spiders (Lair:3)
  2 culicivoras (Spider:1)
  5 yaks
  3 slime creatures (D:14)
  A vampire (D:11)
  A wyvern (Lair:1)
  A shadow (D:10)
  Eustachio (D:4)
  A fire elemental (Elf:1)
  11 redbacks
  3 wargs
  A hell hound (Lair:5)
  An ice beast (D:9)
  10 orc warriors
  A sky beast (D:7)
  An ogre (Orc:2)
  8 centaurs
  2 wolves (Lair:1)
  4 bullfrogs
  An earth elemental (Elf:1)
  2 killer bees (D:9)
  An electric eel (D:6)
  7 orc priests
  18 orc wizards
  2 adders
  A gnoll (D:4)
  A shadow imp (D:5)
  14 orcs
  4 ball pythons
  2 endoplasms
  A goblin (D:4)
  4 hobgoblins
  A jackal (D:1)
  2 quokkas
  A bat (D:1)
  2 frilled lizards (D:3)
  A kobold (D:3)
188 creatures vanquished.

Vanquished Creatures (collateral kills)
  A broodmother (Lair:3)
  Snorg (Lair:5)
  4 hydras (Lair:5)
  A rakshasa (D:15)
  A catoblepas (D:15)
  A boulder beetle (D:14)
  3 two-headed ogres
  An orc high priest (Orc:1)
  A death yak (Lair:5)
  2 tengu warriors (D:14)
  Sonja (Lair:1)
  A sun demon (Lair:5)
  2 deep elf knights (Elf:2)
  A fire crab (shapeshifter) (D:15)
  2 skysharks
  2 orb spiders
  An arcanist (Lair:5)
  A sea snake (Shoals:1)
  2 deep elf archers
  3 deep elf zephyrmancers
  A necromancer (D:15)
  2 occultists (D:15)
  8 deep elf pyromancers
  4 orc sorcerers
  A wolf spider (D:15)
  3 cyclopes
  2 ugly things (D:15)
  A manticore (D:14)
  An elephant (Lair:4)
  A centaur zombie (D:14)
  3 black mambas
  A merfolk siren (Lair:2)
  A water nymph (Shoals:1)
  2 centaur skeletons (D:15)
  8 cane toads
  4 rime drakes
  8 komodo dragons
  A kobold demonologist (D:11)
  An efreet (D:15)
  A tengu conjurer (D:15)
  A freezing wraith (D:15)
  A red devil (Lair:5)
  5 trolls
  A burning bush (Lair:4)
  A polar bear (Lair:5)
  A hellwing (Lair:5)
  A tarantella (Spider:1)
  4 dream sheep (Lair:3)
  14 blink frogs
  10 slime creatures
  A centaur simulacrum (D:13)
  3 wyverns
  A culicivora (Spider:1)
  A basilisk (shapeshifter) (D:15)
  16 yaks
  5 basilisks
  2 fire elementals
  2 redbacks (Lair:3)
  A steam dragon (Lair:3)
  4 vampire mosquitoes
  An acid dragon (D:12)
  4 hell hounds (Lair:5)
  14 water moccasins
  3 ice beasts (D:13)
  A swamp drake (D:13)
  A sky beast (D:6)
  A meliai simulacrum (D:13)
  8 orc warriors
  10 wolves
  2 ogres (D:7)
  7 centaurs
  A phantom (D:5)
  A kobold brigand (D:9)
  11 bullfrogs
  2 scorpions
  An earth elemental (Elf:2)
  6 wights
  6 killer bees
  2 howler monkeys (D:11)
  22 orc priests
  2 hounds
  A jelly (D:7)
  Ijyb (D:5)
  3 iguanas
  24 orc wizards
  2 nameless horrors
  3 adders
  3 shadow imps
  3 white imps
  2 ufetubi (D:7)
  2 worms (D:3)
  2 dart slugs
  64 orcs
  3 bats
  5 endoplasms
  An endoplasm (shapeshifter) (D:11)
  7 giant cockroaches
  6 hobgoblins
  6 jackals
  4 quokkas
  A ball python (D:2)
  2 frilled lizards
  6 goblins
  16 kobolds
  A rat (shapeshifter) (D:11)
  2 rats (D:1)
437 creatures vanquished.

Vanquished Creatures (others)
  Rupert (Orc:1)
  4 hydras
  A radroach (Lair:3)
  A centaur warrior (D:14)
  A catoblepas (Lair:5)
  An alligator snapping turtle (Shoals:1)
  2 boulder beetles
  5 two-headed ogres
  2 skysharks
  4 slime creatures (D:12)
  2 orc knights
  A deep elf zephyrmancer (Elf:2)
  2 harpies (Shoals:1)
  An orc sorcerer (Orc:2)
  3 ugly things (D:14)
  3 elephants (Lair:4)
  A faun (Shoals:1)
  Maurice (D:8)
  2 torpor snails
  3 black mambas
  Joseph (D:8)
  A gargoyle (D:12)
  4 cane toads
  2 komodo dragons (Lair:2)
  A rime drake (D:9)
  2 ice devils (Lair:5)
  2 trolls
  Grinder (D:4)
  A meliai (Lair:3)
  A polar bear (D:9)
  A hornet (D:7)
  6 blink frogs (Lair:5)
  2 snapping turtles (Shoals:1)
  2 culicivoras (Lair:3)
  11 yaks
  2 wyverns (Lair:5)
  Menkaure (D:4)
  2 acid dragons
  2 water moccasins (Lair:4)
  4 ice beasts
  2 orc warriors
  A centaur (D:13)
  2 ogres
  3 wolves
  A kobold brigand (D:8)
  A bullfrog (Lair:4)
  A scorpion (D:6)
  11 wights
  6 killer bees
  3 orc priests
  2 orc wizards
  3 gnolls (D:4)
  2 white imps (D:13)
  6 orcs
  A hobgoblin (D:4)
135 creatures vanquished.

Grand Total: 760 creatures vanquished

Notes
Turn   | Place    | Note
-------+----------+-------------------------------------------
     0 | D:1      | croobank the Felid Summoner began the quest for the Orb.
     0 | D:1      | Reached XP level 1. HP: 7/7 MP: 4/4
   138 | D:1      | Reached skill level 3 in Dodging
   138 | D:1      | Reached XP level 2. HP: 7/11 MP: 4/6
   140 | D:1      | Slain by a quokka
   276 | D:1      | Learned a level 2 spell: Call Imp
   650 | D:1      | Reached XP level 3. HP: 14/14 MP: 7/7
   908 | D:2      | Learned a level 3 spell: Call Canine Familiar
  1025 | D:2      | Found a hazy altar of Hepliaklqana.
  2794 | D:3      | Reached XP level 4. HP: 9/18 MP: 2/8
  3072 | D:3      | Found a glowing golden altar of the Shining One.
  3224 | D:3      | Reached skill level 4 in Dodging
  3753 | D:4      | Noticed Menkaure
  3865 | D:4      | Reached XP level 5. HP: 11/21 MP: 2/10
  3872 | D:4      | Reached skill level 1 in Fighting
  3887 | D:4      | HP: 1/22 [orc wizard/puff of flame (8)]
  4167 | D:4      | Noticed Grinder
  4173 | D:4      | Learned a level 3 spell: Summon Guardian Golem
  4198 | D:4      | Killed Grinder
  4199 | D:4      | Reached skill level 5 in Stealth
  4199 | D:4      | Reached skill level 5 in Summonings
  4199 | D:4      | Gained mutation: You are covered in thick fur. (AC +2)
                  | [Felid growth]
  4199 | D:4      | Reached XP level 6. HP: 27/27 MP: 7/11
  4664 | D:4      | Reached skill level 5 in Dodging
  4686 | D:4      | Killed Menkaure
  4687 | D:4      | Reached XP level 7. HP: 17/31 MP: 1/13
  4851 | D:4      | Noticed Eustachio
  4884 | D:4      | Killed Eustachio
  5076 | D:4      | Found a shimmering blue altar of Sif Muna.
  5545 | D:4      | Found a staircase to the Ecumenical Temple.
  5558 | Temple   | Entered the Ecumenical Temple
  5562 | Temple   | Became a worshipper of Gozag Ym Sagoz the Greedy
  5656 | D:5      | Entered Level 5 of the Dungeon
  6247 | D:5      | Noticed Ijyb
  6266 | D:5      | Killed Ijyb
  6753 | D:5      | Reached XP level 8. HP: 36/36 MP: 12/15
  6981 | D:6      | Reached skill level 6 in Dodging
  6995 | D:6      | Reached skill level 5 in Fighting
  8038 | D:7      | Identified a scroll of acquirement
  8038 | D:7      | Acquired a book of Touch
  8502 | D:7      | Reached skill level 7 in Dodging
  8562 | D:7      | Found an ancient bone altar of Kikubaaqudgha.
  8562 | D:7      | Found a bloodstained altar of Trog.
  8632 | D:7      | Noticed a hornet
  8641 | D:7      | Paralysed by a hornet for 1 turns
  8647 | D:7      | Slain by a hornet
  8774 | D:7      | Reached XP level 9. HP: 9/41 MP: 9/17
  9211 | D:8      | Reached skill level 5 in Spellcasting
  9296 | D:8      | Learned a level 4 spell: Summon Lightning Spire
  9362 | D:8      | Noticed Joseph
  9388 | D:8      | Noticed Maurice
  9388 | D:8      | Killed Joseph
  9389 | D:8      | Reached skill level 1 in Hexes
  9389 | D:8      | Reached skill level 1 in Air Magic
  9407 | D:8      | Killed Maurice
  9408 | D:8      | Reached skill level 8 in Dodging
  9574 | D:8      | Found a broken altar of Ashenzari.
 10038 | D:8      | Found a sparkling altar of Nemelex Xobeh.
 10195 | D:9      | Identified the "Keubraj"
 10221 | D:9      | Reached XP level 10. HP: 47/47 MP: 17/19
 10344 | D:9      | Noticed a two-headed ogre
 10370 | D:9      | Killed a two-headed ogre
 10539 | D:9      | Reached skill level 9 in Dodging
 10565 | D:9      | Found a staircase to the Lair.
 10908 | D:9      | Reached skill level 5 in Hexes
 11394 | D:10     | Entered Level 10 of the Dungeon
 11409 | D:10     | Noticed a boulder beetle
 11424 | D:10     | Killed a boulder beetle
 11425 | D:10     | Reached skill level 5 in Air Magic
 11835 | D:10     | Found a shimmering altar of Xom.
 11886 | D:10     | Noticed a two-headed ogre
 11894 | D:10     | Killed a two-headed ogre
 11913 | D:10     | Reached XP level 11. HP: 51/51 MP: 18/21
 11945 | D:10     | Noticed a two-headed ogre
 11975 | D:10     | Killed a two-headed ogre
 12366 | D:11     | Noticed a two-headed ogre
 12379 | D:11     | Killed a two-headed ogre
 12403 | D:11     | Reached skill level 10 in Dodging
 12602 | D:11     | Noticed a boulder beetle
 12661 | D:11     | Killed a boulder beetle
 12785 | D:11     | Found a shimmering altar of Xom.
 12785 | D:11     | Found a shimmering altar of Xom.
 12788 | D:11     | Found a shimmering altar of Xom.
 12788 | D:11     | Found a shimmering altar of Xom.
 12791 | D:11     | Found a shimmering altar of Xom.
 13378 | D:12     | Found a staircase to the Orcish Mines.
 13405 | D:12     | Noticed a two-headed ogre
 13415 | D:12     | Killed a two-headed ogre
 13443 | D:12     | Noticed a two-headed ogre
 13456 | D:12     | Killed a two-headed ogre
 13574 | D:12     | Reached skill level 11 in Dodging
 13926 | D:12     | Identified the +10 hand axe of Hell's Wrath {drain, Str+4}
 14023 | D:12     | Gained mutation: Your thick and shaggy fur keeps you warm.
                  | (AC +3, rC+) [Felid growth]
 14023 | D:12     | Reached XP level 12. HP: 57/57 MP: 16/24
 14275 | IceCv    | Identified the "Azius"
 14275 | IceCv    | Identified the of Hasi
 14275 | D:13     | Noticed a centaur warrior
 14362 | Lair:1   | Entered Level 1 of the Lair of Beasts
 14404 | Lair:1   | Learned a level 3 spell: Inner Flame
 14784 | Lair:1   | Learned a level 5 spell: Freezing Cloud
 15096 | Lair:1   | Reached skill level 1 in Conjurations
 15096 | Lair:1   | Reached skill level 1 in Ice Magic
 15446 | Lair:1   | Noticed Sonja
 15450 | Lair:1   | Killed Sonja
 15788 | Lair:2   | Reached skill level 12 in Dodging
 15986 | Lair:2   | Reached skill level 10 in Fighting
 16182 | Lair:2   | Noticed Fannar
 16191 | Lair:2   | Killed Fannar
 16201 | Lair:2   | Reached skill level 10 in Summonings
 16728 | Lair:2   | Found a staircase to the Shoals.
 17043 | Lair:1   | Bought the amulet of the Four Winds {rN+ Will+++ Clar} for
                  | 1092 gold pieces
 17043 | Lair:1   | Found the amulet of the Four Winds {rN+ Will+++ Clar}
 17358 | Lair:3   | Reached XP level 13. HP: 62/62 MP: 16/27
 17379 | Lair:3   | Reached skill level 13 in Dodging
 17825 | Lair:3   | Found a hole to the Spider Nest.
 20284 | Lair:4   | Reached skill level 14 in Dodging
 20469 | Lair:4   | Found a staircase to the Slime Pits.
 20654 | Lair:5   | Entered Level 5 of the Lair of Beasts
 20672 | Lair:5   | Reached skill level 10 in Spellcasting
 21334 | Lair:5   | Reached skill level 15 in Dodging
 21843 | Lair:4   | Reached XP level 14. HP: 49/69 MP: 15/29
 22192 | Lair:5   | Identified the +3 chain mail "Elinuh" {+Inv rF+ Int+2 SInv}
 22447 | Lair:5   | Noticed Snorg
 22497 | Lair:5   | Killed Snorg
 23520 | Lair:5   | Found a burning altar of Makhleb.
 23526 | Lair:5   | Found a gateway to Hell.
 23624 | Lair:5   | Reached skill level 16 in Dodging
 23911 | Lair:1   | Bought a +4 ring of slaying for 1404 gold pieces
 24016 | Orc:1    | Entered Level 1 of the Orcish Mines
 25741 | Orc:2    | Entered Level 2 of the Orcish Mines
 26606 | Orc:2    | Found Nadem's Weapon Shop.
 26834 | Orc:1    | Slain by an orc knight
 27402 | Orc:2    | Found a staircase to the Elven Halls.
 27428 | Orc:2    | Reached skill level 5 in Conjurations
 27572 | Orc:2    | Reached skill level 5 in Ice Magic
 27580 | Orc:2    | Noticed Rupert
 27757 | Orc:1    | Killed Rupert
 29905 | Orc:2    | Found Daixkerueg's Book Shoppe.
 29905 | Orc:2    | Found Vilaz's Assorted Antiques.
 29906 | Orc:2    | Found Seuwkunixa's General Store.
 29909 | Orc:2    | Found Qemabog's Magic Scroll Shoppe.
 29918 | Orc:2    | Bought a scroll of vulnerability for 48 gold pieces
 29918 | Orc:2    | Bought a scroll of fog for 48 gold pieces
 29918 | Orc:2    | Bought a scroll of blinking for 90 gold pieces
 29918 | Orc:2    | Bought a scroll of vulnerability for 48 gold pieces
 29919 | Orc:2    | Bought a wand of flame (8) for 67 gold pieces
 29920 | Orc:2    | Bought 2 potions of might for 224 gold pieces
 29920 | Orc:2    | Bought a potion of heal wounds for 140 gold pieces
 29920 | Orc:2    | Bought a wand of mindburst (4) for 156 gold pieces
 29920 | Orc:2    | Bought a wand of digging (6) for 705 gold pieces
 29920 | Orc:2    | Bought a potion of curing for 84 gold pieces
 30501 | Lair:1   | Bought the macabre finger necklace {Finger+ rN+} for 720
                  | gold pieces
 30501 | Lair:1   | Found the macabre finger necklace {Finger+ rN+}
 32283 | D:14     | Reached XP level 15. HP: 74/74 MP: 12/30
 33683 | D:14     | Noticed Louise
 33700 | D:14     | Killed Louise
 33915 | D:14     | Reached skill level 17 in Dodging
 33974 | D:14     | Found Iroyryur's Assorted Antiques.
 33986 | D:14     | Bought an agate ring for 155 gold pieces
 34049 | D:14     | Found a runed translucent gate.
 34049 | D:14     | Found a runed translucent gate.
 34049 | D:14     | Found a runed translucent gate.
 34049 | D:14     | Noticed Biekhle's ghost (journeyman DrVM)
 34051 | D:14     | Found a basalt altar of Yredelemnul.
 34145 | D:14     | Noticed Roxanne
 34606 | D:14     | Found a gate to the Vaults.
 34819 | D:14     | Identified the +2 ring mail "Xywon" {rN+ Str-4 Slay+2}
 34925 | D:15     | Entered Level 15 of the Dungeon
 37070 | D:15     | Found a staircase to the Depths.
 37121 | D:15     | Learned a level 5 spell: Yara's Violent Unravelling
 37348 | Spider:1 | Entered Level 1 of the Spider Nest
 38727 | Orc:2    | Bought a book of Weapons for 420 gold pieces
 38732 | Orc:2    | Learned a level 4 spell: Iskenderun's Mystic Blast
 38972 | Lair:3   | Bought 2 potions of heal wounds for 240 gold pieces
 39347 | Lair:3   | Reached skill level 1 in Translocations
 40303 | D:14     | Bought a potion of curing for 93 gold pieces
 40303 | D:14     | Bought a potion of magic for 248 gold pieces
 40546 | Shoals:1 | Entered Level 1 of the Shoals
 40555 | Shoals:1 | Reached skill level 1 in Transmutations
 40569 | Shoals:1 | Noticed Nikola
 40587 | Shoals:1 | Killed from afar by Nikola
 41033 | Shoals:1 | Reached skill level 18 in Dodging
 41039 | Shoals:1 | Acquired the amulet "Nocicix" {Acrobat rElec}
 41290 | Shoals:1 | Reached XP level 16. HP: 80/80 MP: 21/32
 41457 | Shoals:1 | Killed from afar by Nikola
 41677 | Lair:3   | Slain by a culicivora
 42309 | WizLab   | Identified the of Golah
 42309 | Crypt:3  | Identified the of Bycan
 42309 | Depths:1 | Identified the of Jumuf
 42309 | Depths:1 | Identified the "Naorang"
 42309 | Depths:1 | Identified the "Paelev"
 42309 | Depths:2 | Identified the "Aletafec"
 42309 | Elf:1    | Identified the "Reinaedd"
 42309 | Desolati | Identified the of Gill
 42309 | Desolati | Identified the of Foffu
 42309 | Elf:1    | Entered Level 1 of the Elven Halls
 42703 | Elf:1    | You fall into a shaft and drop 1 floor!
 42717 | Elf:2    | Upgraded the game from 0.31-a0-920-g28cbb04a8c to
                  | 0.31-a0-925-g0a390f2509
 42784 | Elf:2    | Reached skill level 5 in Translocations
 42950 | Elf:2    | Found a runed translucent door.
 43069 | Elf:2    | Paralysed by an air elemental for 1 turns
 43449 | Orc:2    | Learned a level 3 spell: Stone Arrow
 44478 | Elf:2    | Paralysed by an air elemental for 1 turns
 44481 | Elf:2    | Killed from afar by an air elemental

Illustrated notes

Levels and vault maps discovered:
D:1:      roderic_octagonal_star, layout_rooms, minmay_heptomino_d4
D:2:      layout_basic, basic_altar, kennysheep_generic_room_4
D:3:      layout_loops_corners, mainiacjoe_overflow_alcove_2,
          grunt_decor_one_mirror
D:4:      layout_rooms, led_sif_pool, minmay_temple_entry_offerings,
          uniq_grinder, uniq_eustachio, uniq_menkaure
D:5:      layout_loops_corners, uniq_ijyb
D:6:      layout_basic, kennysheep_cluttered_room
D:7:      layout_rooms, gammafunk_temple_overflow_elements
D:8:      layout_loops_ring, nemelex_spade_bored_becter,
          mainiacjoe_overflow_catwalk, uniq_maurice, uniq_joseph
D:9:      minmay_weird_star, layout_basic, hellmonk_lair_entry_icy, st_stairs_13
D:10:     layout_roguey, mainiacjoe_overflow_alcove_4, grunt_ministairs_3
D:11:     layout_basic, xom_shifter_show
D:12:     layout_long_grid, david_orc_2
D:13:     layout_basic, serial_ice, serial_ice_i, serial_ice_h, serial_ice_b,
          serial_ice_a, portal_ice_cave_entry_pillars_2, pond
D:14:     layout_roguey, david_vaults_1, serial_shops,
          nicolae_shop_pleasant_corner_grove, nicolae_yredelemnul_ghost_church,
          uniq_louise, uniq_roxanne
D:15:     grunt_enter_depths_magical_seal, layout_long_grid, kennysheep_doodads
Temple:   hellmonk_temple_two_chambers
Lair:1:   layout_cave_pods, uniq_sonja
Lair:2:   layout_roguey, minmay_shoals_entry_lonely_mermaid,
          beast_lair_carwin_3, uniq_fannar
Lair:3:   layout_hall_layers, hellmonk_spider_entry_not_the_bees,
          small_statue_intersection, grunt_megastairs_2
Lair:4:   layout_regular_city, slime_entry_1, evilmike_ambush
          [evilmike_ambush_outer_doors, evilmike_ambush_inner_basic]
Lair:5:   evil_forest, layout_small_grid, uniq_snorg
Shoals:1: layout_shoals, nicolae_shoals_the_drawing_of_the_three, uniq_nikola
Spider:1: layout_spider_delve, nicolae_spider_claw_tunnel
Orc:1:    layout_caves, bh_open_orc_temple
Orc:2:    st_orc_mages, layout_caves, serial_shops, nicolae_shop_statue_plus,
          minmay_orc_temple_b, uniq_rupert
Elf:1:    layout_gridlike, portal_desolation_entry_salt, minivault_28
Elf:2:    nicolae_elf_blades_splatter_lattice [nicolae_blade_tridents],
          layout_rooms, drop_trap, nicolae_wooded_promenade, minivault_13,
          lemuel_elevator

Skill      XL: |  1  2  3  4  5  6  7  8  9 10 11 12 13 14 15 16 |
---------------+-------------------------------------------------+-----
Stealth        | 3 4 5 6 7 8 |  8.1
Dodging        | 3 4 5 7 8 9 11 12 15 16 18 | 18.3
Fighting       | 2 3 4 6 7 8 9 10 12 13 14 | 14.7
Spellcasting   | 3 4 5 6 7 9 10 11 12 | 12.0
Summonings     | 5 6 7 9 10 11 | 11.6
Hexes          | 3 5 |  5.0
Air Magic      | 3 5 7 |  7.0
Conjurations   | 3 5 6 |  6.0
Ice Magic      | 3 5 6 |  6.0
Translocations | 3 5 |  5.8
Transmutations | 1 3 |  3.4

Action                     |  1- 3 |  4- 6 |  7- 9 | 10-12 | 13-15 | 16-18 || total
---------------------------+-------+-------+-------+-------+-------+-------++-------
  Melee: Unarmed           |    70 |    20 |    70 |    88 |    99 |    27 ||   374
         Bite              |     3 |     2 |     6 |    16 |    21 |     3 ||    51
         Punch             |     2 |       |     4 |       |     3 |     1 ||    10
   Cast: Summon Small Mamm |    42 |    11 |    38 |    26 |    50 |     3 ||   170
         Call Imp          |    20 |    14 |    31 |    37 |    39 |     3 ||   144
         Call Canine Famil |    13 |    15 |    59 |    70 |   129 |    15 ||   301
         Summon Guardian G |       |     4 |    43 |    60 |   123 |    18 ||   248
         Summon Lightning  |       |       |     3 |    63 |   181 |    22 ||   269
         Inner Flame       |       |       |       |    13 |   186 |     3 ||   202
         Freezing Cloud    |       |       |       |       |    21 |    10 ||    31
         Iskenderun's Myst |       |       |       |       |    20 |     7 ||    27
         Stone Arrow       |       |       |       |       |       |    25 ||    25
         Yara's Violent Un |       |       |       |       |       |     8 ||     8
 Invoke: Call Merchant     |       |       |       |     1 |     1 |       ||     2
  Evoke: Wand              |       |     4 |     8 |    10 |    53 |     6 ||    81
         Phial of floods   |       |       |       |       |     1 |       ||     1
    Use: Scroll            |       |    11 |    12 |     8 |     8 |     8 ||    47
         Potion            |       |     4 |     3 |     1 |    13 |     5 ||    26
   Stab: Sleeping          |     5 |     3 |     5 |     8 |       |       ||    21
         Distracted        |       |       |     1 |     1 |     2 |       ||     4
         Paralysed         |       |       |       |     2 |     3 |     1 ||     6
 Armour: Skin              |    32 |    15 |    51 |    49 |   269 |    50 ||   466
  Dodge: Dodged            |    71 |    45 |   114 |   191 |   718 |   159 ||  1298

Table legend: (Time is in decaauts)
 A = Elapsed time spent in this place.
 B = Non-inter-level travel time spent in this place.
 C = Inter-level travel time spent in this place.
 D = Time resting spent in this place.
 E = Time spent auto-exploring this place.
 F = Levels seen in this place.
 G = Mean time per level.
                   A        B        C        D        E       F      G
               +--------+--------+--------+--------+--------+-----+--------+
         Total |  40470 |  37842 |   2628 |  13247 |  15718 |  27 | 1498.9 |
       Dungeon |  19740 |  18219 |   1521 |   4696 |   9280 |  15 | 1316.0 |
        Temple |      7 |      3 |      4 |      0 |      0 |   1 |    7.0 |
          Lair |  11769 |  11012 |    757 |   4095 |   4598 |   5 | 2353.8 |
        Shoals |    911 |    911 |      0 |    578 |     60 |   1 |  911.0 |
   Spider Nest |     95 |     95 |      0 |      0 |      0 |   1 |   95.0 |
  Orcish Mines |   6293 |   5976 |    317 |   3085 |   1451 |   2 | 3146.5 |
   Elven Halls |   1651 |   1624 |     27 |    793 |    327 |   2 |  825.5 |
               +--------+--------+--------+--------+--------+-----+--------+

Top non-repeatable levels by time:
  Lair:3: 4848 daAuts
   Orc:1: 3207 daAuts
   Orc:2: 3086 daAuts
  Lair:5: 2418 daAuts
    D:14: 2351 daAuts
    D:15: 2009 daAuts
    D:13: 1896 daAuts
  Lair:4: 1750 daAuts
     D:3: 1711 daAuts
  Lair:2: 1455 daAuts
     D:2: 1326 daAuts
  Lair:1: 1296 daAuts
   Elf:1: 1285 daAuts
     D:4: 1253 daAuts
     D:9: 1217 daAuts
